 Dungeon Crawl Stone Soup version 0.30-a0-390-g80c34de65d (webtiles) character file.

Game seed: 16972436322555785537

16123 nabbywabby the Transmogrifier (level 12, -1/94 HPs)
             Began as an Octopode Transmuter on Dec 4, 2022.
             Was an Initiate of Gozag.
             Slain by a death yak (18 damage)
             ... on level 3 of the Lair of Beasts.
             The game lasted 00:41:17 (15794 turns).

nabbywabby the Transmogrifier (OpTm)               Turns: 15794, Time: 00:41:17

Health: -1/94      AC:  9    Str:  9    XL:     12   Next: 34%
Magic:  0/27       EV: 15    Int: 20    God:    Gozag
Gold:   563        SH:  0    Dex: 19    Spells: 10/20 levels left

rFire   x . .      SeeInvis .      - Unarmed
rCold   + + +      Faith    .    (shield currently unavailable)
rNeg    . . .      Spirit   +    (helmet currently unavailable)
rPois   +          Reflect  .    c - amulet of guardian spirit
rElec   +          Harm     .    h - +6 ring of dexterity
rCorr   .          Rampage  .    b - ring of Diogam Yzuu {*Corrode rElec Will++ MP+9}
Will    ++...                    (no ring)
Stlth   ++........               (no ring)
HPRegen 0.35/turn                (no ring)
MPRegen 0.20/turn                (no ring)
                                 (no ring)
                                 (no ring)

@: ice-form
A: freezing attack, boosted hp, almost no armour, amphibious, 8 rings, large,
(camouflage 1), (gelatinous body 1), (nimble swimmer 1), (tentacles)
a: End Transformation, Renounce Religion, Potion Petition, Call Merchant, Bribe
Branch


You were on level 3 of the Lair of Beasts.
You worshipped Gozag.
Gozag was pleased with you.
You were a creature of crystalline ice.
You visited 3 branches of the dungeon, and saw 14 of its levels.

You collected 2053 gold pieces.
You spent 704 gold pieces at shops.
You paid 786 gold pieces to Gozag.

Inventory:

Missiles
 a - 3 datura-tipped darts
 i - 41 poisoned darts
 t - a throwing net
Armour
 C - the +1 hat "Nar Zees" (melded) {rC+}
   (You acquired it on level 2 of the Lair of Beasts)

   rC:        It protects you from cold.
Jewellery
 b - the ring of Diogam Yzuu (right front paw) {*Corrode rElec Will++ MP+9}
   (You acquired it on level 2 of the Dungeon)

   [ring of magical power]

   rElec:     It insulates you from electricity.
   MP:        It affects your magic capacity (+9).
   *Corrode:  It may corrode you when you take damage.
   Will:      It greatly increases your willpower.
 c - an amulet of guardian spirit (around neck)
 h - a +6 ring of dexterity (left front paw)
 p - an amulet of reflection
 u - an amulet of magic regeneration
 B - a +6 ring of strength
Wands
 k - a wand of flame (36)
 r - a wand of acid (21)
 v - a wand of iceblast (11)
Scrolls
 d - 7 scrolls of identify
 g - 3 scrolls of enchant armour
 l - a scroll of fear
 n - a scroll of magic mapping
 x - 3 scrolls of teleportation
 y - 2 scrolls of amnesia
 D - a scroll of butterflies
 E - a scroll of enchant weapon
 F - a scroll of poison
Potions
 e - 3 potions of flight
 j - a potion of resistance
 m - a potion of ambrosia
 o - 2 potions of berserk rage
 q - a potion of curing
 s - 2 potions of attraction
 w - 2 potions of magic
 z - a potion of cancellation
 A - a potion of haste


   Skills:
 - Level 6.0 Fighting
 - Level 3.0 Throwing
 - Level 8.7 Dodging
 - Level 8.7 Unarmed Combat
 + Level 4.5 Spellcasting
 + Level 4.2 Translocations
 - Level 10.0 Transmutations
 - Level 7.3 Ice Magic
 + Level 4.2 Earth Magic
 - Level 3.0 Poison Magic


You had 10 spell levels left.
You knew the following spells:

 Your Spells              Type           Power      Damage    Failure   Level
a - Beastly Appendage     Tmut           88%        N/A       1%          1
b - Wereblood             Tmut           44%        N/A       1%          2
c - Spider Form           Tmut/Pois      30%        N/A       2%          3
d - Ice Form              Ice/Tmut       39%        N/A       3%          4

Your spell library contained the following spells:

 Spells                   Type           Power      Damage    Failure   Level
 Apportation              Tloc           42%        N/A       2%          1
 Blade Hands              Tmut           22%        N/A       5%          5
 Gell's Gravitas          Tloc           21%        N/A       6%          3
 Lesser Beckoning         Tloc           42%        N/A       6%          3
 Teleport Other           Tloc           21%        N/A       6%          3
 Poisonous Vapours        Pois/Air       20%        N/A       10%         2
 Necrotise                Necr           16%        1d4       12%         1
 Summon Small Mammal      Summ           16%        N/A       12%         1
 Cigotuvi's Dreadful Rot  Necr/Pois/Air  16%        N/A       12%         2
 Portal Projectile        Hex/Tloc       24%        N/A       16%         3
 Stone Arrow              Conj/Erth      26%        3d8       16%         3
 Vhi's Electric Charge    Tloc/Air       24%        N/A       16%         3
 Static Discharge         Conj/Air       8%         2-3/arc   19%         2
 Mephitic Cloud           Conj/Pois/Air  8%         N/A       24%         3
 Tukima's Dance           Hex            4%         N/A       36%         3
 Leda's Liquefaction      Hex/Erth       6%         N/A       45%         4
 Lee's Rapid Deconstruct  Erth           10%        3d8*      52%         5
 Statue Form              Tmut/Erth      22%        N/A       69%         6
 Arcjolt                  Conj/Air       2%         1d12      98%         5
 Lightning Bolt           Conj/Air       2%         1d13      98%         5
 Lehudib's Crystal Spear  Conj/Erth      6%         10d3      100%        8
 Animate Armour           Summ/Erth      Unusable   N/A       N/A         4

Dungeon Overview and Level Annotations

Branches:
Dungeon (10/15)            Temple (1/1) D:7            Lair (3/5) D:9
    Orc (0/2) D:10
  Swamp: Lair:2-3    Shoals: Lair:2-3     Snake: Lair:2-3    Spider: Lair:2-3

Altars:
Ashenzari
Cheibriados
Dithmenos
Elyvilon
Fedhas
Gozag
Hepliaklqana
Kikubaaqudgha
Makhleb
Nemelex Xobeh
Okawaru
Qazlal
Ru
Sif Muna
Trog
Uskayaw
Vehumet
Wu Jian
Xom
Yredelemnul
Zin
The Shining One

Shops:
D:3 [   D:8 (   D:10 :

Annotations:
D:3 2 transporters
D:10 2 runed translucent doors
Lair:3 2 transporters, Ruonwum's ghost, journeyman MfGl


Innate Abilities, Weirdness & Mutations

You are a creature of crystalline ice.
You have a powerful freezing melee attack.
Your maximum health is increased.
Your armour is entirely melded.
You are incapable of wielding weapons or throwing items.
You cannot wear most types of armour.
You are amphibious.
You can wear up to eight rings at the same time.
((Your skin changes colour to match your surroundings (Stealth+).))
((Your rubbery body absorbs attacks. (AC +1, EV +1)))
((You are camouflaged when in or above water. (Stealth+)))
((You have tentacles for arms and can constrict up to eight enemies at once.))


Message History

You hit the death yak but do no damage.
The death yak is heavily wounded.
The death yak gores you!
The komodo dragon hisses angrily.
You punch the death yak! You freeze the death yak.
The death yak is severely wounded.
The death yak gores you!
You hit the death yak but do no damage.
The death yak is severely wounded.
The death yak gores you!!
You hit the death yak but do no damage.
The death yak is severely wounded.
The death yak gores you!
You completely miss the death yak.
The death yak is severely wounded.
You hit the death yak but do no damage.
The death yak is severely wounded.
The death yak gores you!!
You hit the death yak. You freeze the death yak.
The death yak is severely wounded.
The death yak gores you!
* * * LOW HITPOINT WARNING * * *
Okay, then.
Aiming: Corrosive Bolt
Press: ? - help, Shift-Dir - straight line, f - death yak
Aim: a death yak (severely wounded, 90% to hit)
The bolt of acid hits the death yak!
The death yak is almost dead.
The basilisk hisses angrily.
The death yak gores you but does no damage.
Aiming: Corrosive Bolt
Press: ? - help, Shift-Dir - straight line, f/p - death yak
Aim: a death yak (almost dead, 90% to hit)
The bolt of acid hits the death yak.
The acid corrodes the death yak!
The death yak is almost dead.
The death yak gores you!!
* * * LOW HITPOINT WARNING * * *
You feel better. The death yak gores you!!
You die...
Your body crumbles into a pile of gold.

#.##P....#.....##
#.##P...###....#
##..##.##.###....P
#..###......#....##
##.###..........P#
#..+......##....##
##...##...###....#####
#P..###Y####..........
##..###Y#P.#..........
###....................
##......................
##.....####©###..........
#..#####. ###l##.........
##..#....# ....##..#..##
#..##lF.#. #...$#..####
#..#W..... .##..#...##
##.#..##..©..#D..#..P.#
..


You could see a death yak (corroded) and a komodo dragon.

Vanquished Creatures
  Erolcha (D:10)
  A death yak (Lair:3)
  A two-headed ogre (D:9)
  A black mamba (Lair:1)
  3 cane toads
  A gargoyle (D:10)
  2 komodo dragons
  A kobold demonologist (D:8)
  A polar bear (Lair:2)
  2 trolls
  Prince Ribbit (D:7)
  2 shadows (D:10)
  3 wyverns
  20 yaks
  A basilisk (Lair:1)
  Menkaure (D:7)
  2 steam dragons
  Edmund (D:4)
  2 wargs
  An acid dragon (D:10)
  Duvessa (D:4)
  9 water moccasins
  3 ice beasts
  5 black bears
  4 sky beasts
  2 ogres
  5 orc warriors
  6 centaurs
  A phantom (D:6)
  9 kobold brigands (D:8)
  Blork the orc (D:4)
  9 bullfrogs
  A necrophage (D:8)
  3 scorpions
  A gnoll sergeant (D:9)
  5 wights (D:8)
  Dowan (D:4)
  6 killer bees (D:9)
  4 howler monkeys
  A jelly (D:6)
  4 hounds
  11 orc priests
  5 iguanas
  9 orc wizards
  Natasha (thrice) (D:4)
  11 gnolls
  4 adders
  A worm (D:3)
  2 dart slugs
  54 orcs
  7 endoplasms
  A giant cockroach (D:1)
  9 goblins
  8 hobgoblins
  5 jackals (D:1)
  18 kobolds
  4 quokkas
  6 ball pythons
  6 bats
  A frilled lizard (D:1)
  2 rats
296 creatures vanquished.

Vanquished Creatures (others)
  A water moccasin (D:9)
  58 fungi
  65 plants
124 creatures vanquished.

Grand Total: 420 creatures vanquished

Notes
Turn   | Place    | Note
-------+----------+-------------------------------------------
     0 | D:1      | nabbywabby the Octopode Transmuter began the quest for the
                  | Orb.
     0 | D:1      | Reached XP level 1. HP: 13/13 MP: 3/3
    41 | D:1      | Reached skill level 1 in Poison Magic
    82 | D:1      | Reached XP level 2. HP: 17/18 MP: 3/5
   777 | D:1      | Reached XP level 3. HP: 23/23 MP: 4/6
   780 | D:1      | Learned a level 2 spell: Wereblood
   784 | D:1      | Learned a level 3 spell: Spider Form
  1077 | D:2      | Found an ornate altar of the Wu Jian Council.
  1402 | D:2      | Reached skill level 3 in Transmutations
  2038 | D:2      | Identified a scroll of acquirement
  2038 | D:2      | Acquired the ring of Diogam Yzuu {*Corrode rElec Will++
                  | MP+9}
  2145 | D:3      | Reached XP level 4. HP: 28/28 MP: 7/7
  2177 | D:3      | Found Nuozih's Armour Shoppe.
  2754 | D:3      | Found a transporter.
  2774 | D:3      | Found a transporter.
  2830 | D:4      | Noticed an ogre
  2839 | D:3      | Killed an ogre
  2840 | D:3      | Reached skill level 4 in Transmutations
  2840 | D:3      | Reached XP level 5. HP: 17/33 MP: 7/8
  3037 | D:4      | Reached skill level 5 in Transmutations
  3121 | D:4      | Noticed Edmund
  3124 | D:4      | Noticed Blork the orc
  3146 | D:4      | Killed Edmund
  3147 | D:4      | Reached XP level 6. HP: 27/38 MP: 9/9
  3152 | D:4      | Killed Blork the orc
  3342 | D:4      | Noticed Duvessa
  3342 | D:4      | Noticed Dowan
  3415 | D:4      | Reached XP level 7. HP: 43/43 MP: 10/10
  3433 | D:4      | Noticed Natasha
  3441 | D:4      | Killed Natasha
  3743 | D:4      | Reached skill level 5 in Unarmed Combat
  3794 | D:4      | Noticed Natasha
  3799 | D:4      | Killed Natasha
  3893 | D:4      | Killed Duvessa
  3894 | D:4      | Reached skill level 5 in Dodging
  3894 | D:4      | Reached skill level 1 in Throwing
  3901 | D:4      | Killed Dowan
  3972 | D:4      | Found a blossoming altar of Fedhas.
  3978 | D:4      | Reached XP level 8. HP: 50/50 MP: 11/11
  4270 | D:4      | Noticed Natasha
  4277 | D:4      | Killed Natasha
  4425 | D:5      | Entered Level 5 of the Dungeon
  4698 | D:5      | Learned a level 4 spell: Ice Form
  4771 | D:5      | Reached skill level 1 in Ice Magic
  5043 | D:5      | Found a glowing golden altar of the Shining One.
  5089 | D:5      | Found a hide-covered altar of Uskayaw.
  5271 | D:6      | Reached skill level 6 in Transmutations
  5298 | D:6      | Found a basalt altar of Yredelemnul.
  5315 | D:6      | Identified the +5 hand axe of Indomitability {venom, rElec
                  | rC- Stlth+}
  5866 | D:6      | Found a shimmering blue altar of Sif Muna.
  5869 | D:6      | Found an ornate altar of the Wu Jian Council.
  5931 | D:6      | Reached XP level 9. HP: 53/56 MP: 12/12
  5968 | D:6      | Reached skill level 5 in Ice Magic
  6747 | D:7      | Noticed Menkaure
  6753 | D:7      | Killed Menkaure
  6857 | D:7      | Noticed Prince Ribbit
  6866 | D:7      | Killed Prince Ribbit
  7041 | D:7      | Noticed a troll
  7050 | D:7      | Killed a troll
  7051 | D:7      | Reached skill level 7 in Transmutations
  7162 | D:7      | Found a staircase to the Ecumenical Temple.
  7197 | Temple   | Entered the Ecumenical Temple
  7354 | Temple   | Became a worshipper of Gozag Ym Sagoz the Greedy
  7387 | D:7      | Reached skill level 8 in Transmutations
  7637 | D:7      | Found the +18 Lear's hauberk
  7715 | D:8      | Reached XP level 10. HP: 63/63 MP: 13/13
  7823 | D:8      | Found Liwnebap's Firing Range.
  8512 | D:8      | Found a glowing silver altar of Zin.
  8906 | D:8      | Noticed a kobold demonologist
  8915 | D:8      | Noticed an orange demon
  8918 | D:8      | Killed a kobold demonologist
  9537 | D:9      | Found an ancient bone altar of Kikubaaqudgha.
 10102 | D:9      | Noticed a two-headed ogre
 10364 | D:9      | HP: 3/75 [killer bee (2)]
 10373 | D:9      | Reached XP level 11. HP: 13/68 MP: 1/14
 10374 | D:9      | HP: 6/122 [killer bee (6)]
 10377 | D:9      | HP: 1/122 [killer bee (4)]
 10624 | D:9      | Found a staircase to the Lair.
 10632 | D:9      | Identified the +0 chain mail "Xystru" {Stlth+}
 10734 | D:9      | Killed a two-headed ogre
 10739 | D:9      | Reached skill level 5 in Fighting
 10739 | D:9      | Reached skill level 9 in Transmutations
 10922 | D:10     | Entered Level 10 of the Dungeon
 11692 | D:10     | Found a staircase to the Orcish Mines.
 11990 | D:10     | Found a large runed translucent door.
 11993 | D:10     | Found a large runed translucent door.
 12051 | D:10     | Noticed Erolcha
 12065 | D:10     | Killed Erolcha
 12066 | D:10     | Reached skill level 10 in Transmutations
 12534 | D:10     | Found a snail-covered altar of Cheibriados.
 12679 | D:10     | Bought a book of the Earth for 396 gold pieces
 12679 | D:10     | Bought a book of Weapons for 308 gold pieces
 13121 | Lair:1   | Entered Level 1 of the Lair of Beasts
 13139 | Lair:1   | Reached skill level 1 in Translocations
 13139 | Lair:1   | Reached skill level 1 in Earth Magic
 13394 | Lair:1   | Identified the +3 scale mail of Idealism {rCorr Str+4
                  | Int+4}
 13657 | Lair:1   | Reached XP level 12. HP: 79/79 MP: 16/16
 14701 | Lair:2   | Acquired the +1 hat "Nar Zees" {rC+}
 15236 | Lair:3   | Found a transporter.
 15239 | Lair:3   | Noticed Ruonwum's ghost (journeyman MfGl)
 15267 | Lair:3   | Noticed a six-headed hydra
 15345 | Lair:3   | Noticed a six-headed hydra
 15353 | Lair:3   | Noticed a death yak
 15367 | Lair:3   | Found a transporter.
 15380 | Lair:3   | Killed a death yak
 15744 | Lair:3   | Noticed a death yak
 15744 | Lair:3   | Noticed a death yak
 15794 | Lair:3   | Slain by a death yak

Illustrated notes

Levels and vault maps discovered:
D:1:      dreamdust_arrival_beginning_and_end, layout_basic
D:2:      layout_loops_cross, basic_altar
D:3:      gammafunk_steamed_eel, layout_basic, serial_shops, shop
D:4:      layout_gridville, mainiacjoe_overflow_24_doors, uniq_duvessa,
          uniq_edmund, uniq_blork_the_orc, uniq_natasha
D:5:      layout_basic, tso_oasis_becter, mainiacjoe_overflow_alcove_4
D:6:      layout_gridville, mainiacjoe_overflow_chevrons,
          mainiacjoe_overflow_catwalk_spiral
D:7:      layout_loops_ring, minmay_temple_entry_junction_2,
          hellmonk_guarded_unrand_lears, uniq_prince_ribbit1, uniq_menkaure
D:8:      layout_gridville, mainiacjoe_overflow_catwalk, special_room
          [special_room_kobold], nicolae_shop_firing_range
D:9:      layout_rooms, mainiacjoe_overflow_small_starburst,
          due_lair_maze_entry_diamond
D:10:     layout_long_grid, marbit_many_paths, erik_orc_4, skrybe_limestone_x,
          lightli_elemental_guards, uniq_erolcha
Temple:   nicolae_temple_bog_church
Lair:1:   layout_chaotic_city, st_stairs_4
Lair:2:   layout_regular_city
Lair:3:   layout_regular_city, minmay_swamp_entry_wisps,
          guppyfry_snake_entry_garden, gammafunk_ghost_berserking_beasts,
          chequers_serial_rivers_small_3, beast_lair_carwin_8

Skill      XL: |  1  2  3  4  5  6  7  8  9 10 11 12 |
---------------+-------------------------------------+-----
Poison Magic   | 1 2 3 |  3.0
Transmutations | 3 4 5 6 8 10 | 10.0
Dodging        | 3 5 8 |  8.7
Unarmed Combat | 4 5 8 |  8.7
Throwing       | 1 3 |  3.0
Fighting       | 2 3 6 |  6.0
Ice Magic      | 4 7 |  7.3
Translocations | 2 4 |  4.2
Earth Magic    | 2 4 |  4.2
Spellcasting   | 3 4 |  4.5

Action                   |  1- 3 |  4- 6 |  7- 9 | 10-12 || total
-------------------------+-------+-------+-------+-------++-------
Melee: Unarmed           |    86 |    76 |   276 |   560 ||   998
       Kick              |    13 |       |       |       ||    13
       Constrict         |    13 |     1 |     2 |       ||    16
       Tentacles         |     6 |       |     2 |     1 ||     9
       Punch             |       |     1 |     3 |     1 ||     5
Throw: Dart              |       |     2 |       |       ||     2
 Cast: Beastly Appendage |    14 |       |       |       ||    14
       Spider Form       |     8 |    14 |    22 |       ||    44
       Ice Form          |       |       |    21 |    58 ||    79
       Wereblood         |       |       |       |    12 ||    12
Invok: Call Merchant     |       |       |       |     1 ||     1
Evoke: Wand              |       |       |       |     2 ||     2
  Use: Scroll            |     8 |       |    11 |    11 ||    30
       Potion            |       |       |     2 |     8 ||    10
 Stab: Sleeping          |     3 |     1 |     3 |     2 ||     9
       Distracted        |       |       |       |     3 ||     3
Armor: Skin              |     9 |     4 |    46 |   140 ||   199
Dodge: Dodged            |    61 |    49 |   180 |   348 ||   638

Table legend: (Time is in decaauts)
 A = Elapsed time spent in this place.
 B = Non-inter-level travel time spent in this place.
 C = Inter-level travel time spent in this place.
 D = Time resting spent in this place.
 E = Time spent auto-exploring this place.
 F = Levels seen in this place.
 G = Mean time per level.
                   A        B        C        D        E       F      G
               +--------+--------+--------+--------+--------+-----+--------+
         Total |  15676 |  15116 |    560 |   3148 |   9409 |  14 | 1119.7 |
       Dungeon |  12843 |  12416 |    427 |   2919 |   7308 |  10 | 1284.3 |
        Temple |    182 |    138 |     44 |      0 |    124 |   1 |  182.0 |
          Lair |   2650 |   2561 |     89 |    229 |   1977 |   3 |  883.3 |
               +--------+--------+--------+--------+--------+-----+--------+

Top non-repeatable levels by time:
     D:8: 2130 daAuts
     D:9: 1622 daAuts
    D:10: 1604 daAuts
     D:4: 1243 daAuts
     D:6: 1206 daAuts
     D:3: 1102 daAuts
  Lair:1: 1083 daAuts
     D:1: 1074 daAuts
     D:7: 1067 daAuts
  Lair:2: 996 daAuts
     D:2: 989 daAuts
     D:5: 802 daAuts
  Lair:3: 570 daAuts
  Temple: 182 daAuts
